 Dungeon Crawl Stone Soup version 0.31.0-11-ge490571c62 (webtiles) character file.

Game seed: 2450071216870604273

136 Gadfly the Insei (level 4, -4/35 HPs)
             Began as a Demonspawn Monk on Feb 5, 2024.
             Killed from afar by a white imp (9 damage)
             ... with a puff of frost
             ... on level 3 of the Dungeon.
             The game lasted 00:03:14 (2097 turns).

Gadfly the Insei (Demonspawn Monk)                  Turns: 2097, Time: 00:03:15

Health: -4/35      AC:  4    Str: 13    XL:     4   Next: 98%
Magic:  4/4        EV: 13    Int: 10    God:
Gold:   138        SH:  0    Dex: 16    Spells: 3/3 levels left

rFire   . .          .
                       - Unarmed
rCold   . . .        c - orb {light}
rNeg    . . .        a - +0 robe
rPois   .            (helmet restricted)
rElec   .            e - +0 cloak
rCorr   .            (no gloves)
SInv    .            k - +0 pair of boots
Will    .....        (no amulet)
Stlth   +            (no ring)
HPRegen 0.25/turn    (no ring)
MPRegen 0.09/turn

%: no passive effects
@: confused, ambrosia-drunk, glowing
A: horns 1, ignite blood 1
a: no special abilities


You were on level 3 of the Dungeon.
You visited 1 branch of the dungeon, and saw 3 of its levels.

You collected 138 gold pieces.

Inventory:

Hand Weapons
 g - a +0 long sword
Armour
 a - a +0 robe (worn)
 c - an orb of light (worn)
 e - a +0 cloak (worn)
 k - a +0 pair of boots (worn)
Scrolls
 l - a scroll of immolation {unknown}
 n - a scroll of amnesia {unknown}
Potions
 d - a potion of haste {unknown}
 f - 2 potions of enlightenment
 h - a potion of heal wounds {unknown}
 i - a potion of attraction
 j - a potion of lignification
 m - a potion of curing {unknown}


   Skills:
 - Level 3.0 Fighting
 + Level 3.1 Dodging
 * Level 3.6 Unarmed Combat
 * Level 2.2 Evocations
 * Level 1.8 Shapeshifting


You had 3 spell levels left.
You didn't know any spells.
Your spell library contained the following spells:

 Spells                   Type           Power      Damage    Failure   Level
 Slow                     Hex            0%         N/A       36%         1
 Confusing Touch          Hex            0%         N/A       75%         3
 Sigil of Binding         Hex            0%         N/A       75%         3
 Vampiric Draining        Necr           0%         2d6       75%         3


Dungeon Overview and Level Annotations

Branches:
Dungeon (3/15)

Altars:
Makhleb

Shops:
D:2 =


Innate Abilities, Weirdness & Mutations

You have a pair of small horns on your head.
Your demonic aura sometimes causes spilled blood to erupt in flames.


Message History

The white imp gestures at you. The puff of frost hits you.
You are too injured to fight recklessly!
You are too injured to fight recklessly!
You are too injured to fight recklessly!
You are too injured to fight recklessly!
You are too injured to fight recklessly!
You are too injured to fight recklessly!
You are too injured to fight recklessly!
You are too injured to fight recklessly!
You are too injured to fight recklessly!
You are too injured to fight recklessly!
You are too injured to fight recklessly!
You are too injured to fight recklessly!
You are too injured to fight recklessly!
There are monsters nearby!
Unknown command.
You are too injured to fight recklessly!
You hit the white imp.
The white imp is heavily wounded.
The white imp gestures at you. The puff of frost hits you.
You hit the white imp but do no damage.
You headbutt the white imp, but do no damage.
The white imp is heavily wounded.
The white imp hits you.
* * * LOW HITPOINT WARNING * * *
The white imp freezes you.
* * * LOW HITPOINT WARNING * * *
You are confused.
You feel invigorated. The ball python misses you. The ball python grabs you.
The ball python constricts you.
* * * LOW HITPOINT WARNING * * *
The white imp gestures at you. The puff of frost hits you!
* * * LOW HITPOINT WARNING * * *
You escape the ball python's grasp.
The white imp gestures at you. The puff of frost hits you!
You die...

#.#.# #.#.# #.#.######
#.#.# ##........#
##.#.# #
..........###....# .#
#######...##.....# ...
....(............####..
.######.####.....#... .
#.#####...##.##....
..........@.5......
...######.###S......
###.# #.# ###.#.# #.#
#.# # #.# #.. #.# ##


You could see a white imp and a ball python.

Vanquished Creatures
  Natasha (thrice) (D:2)
  A ribbon worm (D:2)
  3 dart slugs
  7 endoplasms
  2 giant cockroaches
  5 hobgoblins
  4 jackals (D:2)
  A quokka (D:2)
  5 ball pythons
  4 bats
  A frilled lizard (D:1)
  6 goblins
  5 kobolds
  5 rats
52 creatures vanquished.

Notes
Turn   | Place    | Note
-------+----------+-------------------------------------------
     0 | D:1      | Gadfly the Demonspawn Monk began the quest for the Orb.
     0 | D:1      | Reached XP level 1. HP: 18/18 MP: 1/1
   219 | D:1      | Gained mutation: You have a pair of small horns on your
                  | head. [demonic ancestry]
   219 | D:1      | Reached XP level 2. HP: 24/24 MP: 2/2
   353 | D:1      | Reached skill level 1 in Evocations
   811 | D:2      | Gained mutation: Your demonic aura sometimes causes spilled
                  | blood to erupt in flames. [demonic ancestry]
   811 | D:2      | Reached XP level 3. HP: 25/29 MP: 3/3
   836 | D:2      | Reached skill level 1 in Shapeshifting
   972 | D:2      | Found Juuzxeg's Jewellery Shoppe.
  1263 | D:2      | Found a burning altar of Makhleb.
  1596 | D:2      | Noticed Natasha
  1602 | D:2      | Killed Natasha
  1603 | D:2      | Reached XP level 4. HP: 29/35 MP: 4/4
  1744 | D:2      | Noticed Natasha
  1756 | D:2      | Killed Natasha
  1973 | D:2      | Noticed Natasha
  1979 | D:2      | Killed Natasha
  2096 | D:3      | HP: 1/35 [white imp/puff of frost (8)]
  2097 | D:3      | Killed from afar by a white imp

Illustrated notes

Levels and vault maps discovered:
D:1:      saegor_arrival_simple_d, layout_loops_cross, minmay_3d_cube
D:2:      layout_basic, basic_altar, serial_shops, nicolae_shop_crystal,
          chequers_serial_rivers_large_b, uniq_natasha
D:3:      layout_loops_ring

Skill      XL: |  1  2  3  4 |
---------------+-------------+-----
Unarmed Combat | 3 |  3.6
Evocations     | 1 2 |  2.2
Shapeshifting  | 1 |  1.8
Dodging        | 3 |  3.1
Fighting       | |  3.0

Action                     |  1- 3 |  4- 6 || total
---------------------------+-------+-------++-------
  Melee: Unarmed           |   114 |    27 ||   141
         Headbutt          |    15 |     6 ||    21
    Use: Scroll            |     1 |     3 ||     4
         Potion            |       |     1 ||     1
 Armour: Robe              |    46 |    24 ||    70
  Dodge: Dodged            |    79 |    21 ||   100
